Workbook

Sheet Instructions
A1: TFRI - MARATHON OF HOPE CANCER CENTRES NETWORK
A2: YEAR-TO-DATE PROJECT FINANCIAL SUMMARY
A3: INSTRUCTIONS FOR COMPLETION
A5: OVERVIEW:
A6: This annual template is used to report quarterly expenditures under Marathon of Hope Cancer Centres Network (MOHCCN) Research Project Grant Agreements and Notices of Award. Each separate RPGA/NOA will have its own budget, and therefore will require a separate completed template. If there is a TFF-funded matching NOA related to this RPGA, it can also be reported on this template at the same time as RPGA reporting. If the award is a TFF-funding matching NOA without a related RPGA, this template should also be used, by only filling out the "TFF Match" columns. The same annual template can be used for all quarters of a fiscal year. The cumulative total of all four quarters will indicate total expenditures under a project for a fiscal year. If an adjustment needs to be made to a prior period, please include it in the CURRENT period and do not adjust prior period numbers. Budgets for RPGAs/NOAs are approved on an annual basis, and are imported into this template once approved. For simplicity of budgeting, these annual amounts are divided into four equal quarterly budgets. We recognize this simplification may not be reflective of actual timing of sequencing costs or other expenditures incurred. For significant budget-to-actual variances as a result of timing of sequencing, please explain in the notes section on the relevant reporting line(s).
A19: 1. Start on tab "YTD SUMMARY" a) MOHCCN Network RPGA #, TFF NOA # (if applicable), MOH Award Type (dropdown), Institution, Project Manager Name & Email, Finance Officer Name & Email, Award Start Date, and Award End Date b) Select the correct quarter from the the drop down menu. This will pre-populate all budget amounts.
A23: 2. Enter eligible expenses for the relevant quarter as approved in your budget in the appropriate expenditure tabs (1 through 3). Ensure amounts are LESS rebateable taxes. For a list of eligible expenditures, refer to the file "Eligible Expenditures for MOHCCN supported Projects and Centres." Enter amounts spent under both Health Canada funding and matched funding as well as TFF funding (if applicable). For matched funds, indicate the source of the match next to each line item by providing the letter reference (A, B, C, etc.) that corresponds to the matching cash source in tab "Matching Cash."
A28: 3. In Tab Matching Cash, list all sources of matched funding received, and amounts spent. For the column "Worksheet Supported," enter the tab reference where these matched funds were spent ((1) through (3)). The total of the Matching Cash tab must match the sum of all matched expenditures reported on tabs (1) through (3).
A33: 4. Tab "YTD SUMMARY" will auto-populate based on data in tabs (1) through (3). Please have the Institution Lead and Institution Financial Officer digitally sign and date the report prior to submission.

Sheet Budget
A1: Category | B1: Budget Line Item | C1: Combined (Formula) | D1: Annual Award Budget - HC | E1: Annual Award Budget - Institutional Match | F1: Annual Award Budget - TFRI/TFF Match
A2: Cohort | C2: =CONCATENATE(A2," - ",B2) -> Cohort - | F2: 0
A3: Cohort | C3: =CONCATENATE(A3," - ",B3) -> Cohort - | F3: 0
A4: Cohort | C4: =CONCATENATE(A4," - ",B4) -> Cohort - | F4: 0
A5: Cohort | C5: =CONCATENATE(A5," - ",B5) -> Cohort - | F5: 0
A6: Cohort | C6: =CONCATENATE(A6," - ",B6) -> Cohort - | F6: 0
A7: Infrastructure | C7: =CONCATENATE(A7," - ",B7) -> Infrastructure - | F7: 0
A8: Infrastructure | C8: =CONCATENATE(A8," - ",B8) -> Infrastructure - | F8: 0
A9: Infrastructure | C9: =CONCATENATE(A9," - ",B9) -> Infrastructure - | F9: 0
A10: Infrastructure | C10: =CONCATENATE(A10," - ",B10) -> Infrastructure - | F10: 0
A11: Infrastructure | C11: =CONCATENATE(A11," - ",B11) -> Infrastructure - | F11: 0
A12: Infrastructure | C12: =CONCATENATE(A12," - ",B12) -> Infrastructure - | F12: 0
A13: Infrastructure | C13: =CONCATENATE(A13," - ",B13) -> Infrastructure - | F13: 0
... A26: Secretariat | C26: =CONCATENATE(A26," - ",B26) -> Secretariat - | F26: 0
A27: INSERT MORE LINES HERE | C27: =CONCATENATE(A27," - ",B27) -> INSERT MORE LINES HERE -
A29: Access & Equity | C29: =CONCATENATE(A29," - ",B29) -> Access & Equity -
A30: Access & Equity | C30: =CONCATENATE(A30," - ",B30) -> Access & Equity - | F30: 0
A31: Access & Equity | C31: =CONCATENATE(A31," - ",B31) -> Access & Equity - | F31: 0
A32: Access & Equity | C32: =CONCATENATE(A32," - ",B32) -> Access & Equity -
A33: Access & Equity | C33: =CONCATENATE(A33," - ",B33) -> Access & Equity -
A34: Access & Equity | C34: =CONCATENATE(A34," - ",B34) -> Access & Equity -
A35: INSERT MORE LINES HERE | C35: =CONCATENATE(A35," - ",B35) -> INSERT MORE LINES HERE -
A37: Research Training | C37: =CONCATENATE(A37," - ",B37) -> Research Training -
A38: Research Training | C38: =CONCATENATE(A38," - ",B38) -> Research Training -
A39: Research Training | C39: =CONCATENATE(A39," - ",B39) -> Research Training -
A40: Research Training | C40: =CONCATENATE(A40," - ",B40) -> Research Training -
A41: Research Training | C41: =CONCATENATE(A41," - ",B41) -> Research Training -
A42: INSERT MORE LINES HERE
F43: 0
F44: 0
F45: 0
D46: =SUM(D2:D45) -> 0 | E46: =SUM(E2:E45) -> 0 | F46: =SUM(F2:F45) -> 0

Sheet YTD SUMMARY
B2: TFRI - MARATHON OF HOPE CANCER CENTRES NETWORK
B4: YEAR-TO-DATE PROJECT FINANCIAL SUMMARY
B6: MOHCCN NETWORK RPGA #:
B8: TFF NOA # (if applicable):
B10: MOH AWARD TYPE: | E10: =IF(C10="Expanding the Cohort","Complete tabs (1) Expanding the Cohort and Matching Cash",IF(C10="Access & Equity","Complete tabs (2) Access & Equity and Matching Cash",IF(C10="Research & Training","Complete tabs (3) Research & Training and Matching Cash"))) -> FALSE
B12: INSTITUTION:
B14: PROJECT MANAGER NAME & EMAIL:
B16: FINANCE OFFICER NAME & EMAIL:
B18: AWARD START DATE: | E18: AWARD END DATE:
B20: SELECT QUARTER FROM DROP DOWN
B21: Quarter | C21: Date Range
B22: Q1 2027 | C22: =IF(B22="Q1 2027",'Drop Downs'!C1,IF(B22="Q2 2027",'Drop Downs'!C2,IF('YTD SUMMARY'!B22="Q3 2027",'Drop Downs'!C3,IF('YTD SUMMARY'!B22="Q4 2027",'Drop Downs'!C4)))) -> Apr 1 - Jun 30 2026 | D22: Summary sections below will auto-populated based on completed tabs (1) through (3)
B25: A: HEALTH CANADA SPENDING SUMMARY
B26: EXPENDITURES INCURRED | C26: BUDGET YTD | D26: Q1 | E26: Q2 | F26: Q3 | G26: Q4 | H26: TOTAL | I26: BALANCE REMAINING
B27: (1) Expanding the Cohort | C27: ='(1) Expanding the Cohort'!C38 -> 0 | D27: ='(1) Expanding the Cohort'!D38 -> 0 | E27: ='(1) Expanding the Cohort'!E38 -> 0 | F27: ='(1) Expanding the Cohort'!F38 -> 0 | G27: ='(1) Expanding the Cohort'!G38 -> 0 | H27: =SUM(D27:G27) -> 0 | I27: =C27-H27 -> 0
B28: (2) Access & Equity | C28: ='(2) Access & Equity'!C29 -> 0 | D28: ='(2) Access & Equity'!D29 -> 0 | E28: ='(2) Access & Equity'!E29 -> 0 | F28: ='(2) Access & Equity'!F29 -> 0 | G28: ='(1) Expanding the Cohort'!G38 -> 0 | H28: =SUM(D28:G28) -> 0 | I28: =C28-H28 -> 0
B29: (3) Research & Training | C29: ='(3) Research & Training'!C29 -> 0 | D29: ='(3) Research & Training'!D29 -> 0 | E29: ='(3) Research & Training'!E29 -> 0 | F29: ='(3) Research & Training'!F29 -> 0 | G29: ='(3) Research & Training'!G29 -> 0 | H29: =SUM(D29:G29) -> 0 | I29: =C29-H29 -> 0
B30: Total Expenditures YTD | C30: =SUM(C27:C29) -> 0 | D30: =SUM(D27:D29) -> 0 | E30: =SUM(E27:E29) -> 0 | F30: =SUM(F27:F29) -> 0 | G30: =SUM(G27:G29) -> 0 | H30: =SUM(H27:H29) -> 0 | I30: =SUM(I27:I29) -> 0
H31: % Spent | I31: =H30/C30 -> #DIV/0!
B33: B: INSTITUTIONAL MATCH SPENDING SUMMARY
B34: EXPENDITURES INCURRED | C34: BUDGET YTD | D34: Q1 | E34: Q2 | F34: Q3 | G34: Q4 | H34: TOTAL | I34: BALANCE REMAINING
B35: (1) Expanding the Cohort | C35: ='(1) Expanding the Cohort'!I38 -> 0 | D35: ='(1) Expanding the Cohort'!J38 -> 0 | E35: ='(1) Expanding the Cohort'!K38 -> 0 | F35: ='(1) Expanding the Cohort'!L38 -> 0 | G35: ='(1) Expanding the Cohort'!M38 -> 0 | H35: =SUM(D35:G35) -> 0 | I35: =C35-H35 -> 0
B36: (2) Access & Equity | C36: ='(2) Access & Equity'!I29 -> 0 | D36: ='(2) Access & Equity'!J29 -> 0 | E36: ='(2) Access & Equity'!K29 -> 0 | F36: ='(2) Access & Equity'!L29 -> 0 | G36: ='(2) Access & Equity'!N29 -> 0 | H36: =SUM(D36:G36) -> 0 | I36: =C36-H36 -> 0
B37: (3) Research & Training | C37: ='(3) Research & Training'!I29 -> 0 | D37: ='(3) Research & Training'!J29 -> 0 | E37: ='(3) Research & Training'!K29 -> 0 | F37: ='(3) Research & Training'!L29 -> 0 | G37: ='(3) Research & Training'!M29 -> 0 | H37: =SUM(D37:G37) -> 0 | I37: =C37-H37 -> 0
B38: Total Expenditures YTD | C38: =SUM(C35:C37) -> 0 | D38: =SUM(D35:D37) -> 0 | E38: =SUM(E35:E37) -> 0 | F38: =SUM(F35:F37) -> 0 | G38: =SUM(G35:G37) -> 0 | H38: =SUM(H35:H37) -> 0 | I38: =SUM(I35:I37) -> 0
H39: % Spent | I39: =H38/C38 -> #DIV/0!
B41: C: TFF MATCH SPENDING SUMMARY
B42: EXPENDITURES INCURRED | C42: BUDGET YTD | D42: Q1 | E42: Q2 | F42: Q3 | G42: Q4 | H42: TOTAL | I42: BALANCE REMAINING
B43: (1) Expanding the Cohort | C43: ='(1) Expanding the Cohort'!P38 -> 0 | D43: ='(1) Expanding the Cohort'!Q38 -> 0 | E43: ='(1) Expanding the Cohort'!R38 -> 0 | F43: ='(1) Expanding the Cohort'!S38 -> 0 | G43: ='(1) Expanding the Cohort'!T38 -> 0 | H43: =SUM(D43:G43) -> 0 | I43: =C43-H43 -> 0
B44: (2) Access & Equity | C44: ='(2) Access & Equity'!P29 -> 0 | D44: ='(2) Access & Equity'!Q29 -> 0 | E44: ='(2) Access & Equity'!R29 -> 0 | F44: ='(2) Access & Equity'!S29 -> 0 | G44: ='(2) Access & Equity'!T29 -> 0 | H44: =SUM(D44:G44) -> 0 | I44: =C44-H44 -> 0
B45: (3) Research & Training | C45: ='(3) Research & Training'!P29 -> 0 | D45: ='(3) Research & Training'!Q29 -> 0 | E45: ='(3) Research & Training'!R29 -> 0 | F45: ='(3) Research & Training'!S29 -> 0 | G45: ='(3) Research & Training'!T29 -> 0 | H45: =SUM(D45:G45) -> 0 | I45: =C45-H45 -> 0
B46: Total Expenditures YTD | C46: =SUM(C43:C45) -> 0 | D46: =SUM(D43:D45) -> 0 | E46: =SUM(E43:E45) -> 0 | F46: =SUM(F43:F45) -> 0 | G46: =SUM(G43:G45) -> 0 | H46: =SUM(H43:H45) -> 0 | I46: =SUM(I43:I45) -> 0
H47: % Spent | I47: =H46/C46 -> #DIV/0!
B49: SIGNATURES
B50: I hereby certify that the above statement is correct; that the expenditures conform to the general terms and conditions of the Agreement with TFRI, and were for the purpose for which the funding was provided. | E50: I hereby certify that the expenditures summarized above were incurred, and paid wholly on behalf of the awardees, and that supporting documentation will be available for audit purposes.
B56: Institution Lead | E56: Institution Financial Officer
B59: Name | E59: Name
B62: Date | E62: Date

Sheet (1) Expanding the Cohort
B2: TFRI - MARATHON OF HOPE CANCER CENTRES NETWORK | K2: Quarter | L2: Date Range | N2: =IF($K$3="Q1 2027","Fill in columns D, J and Q, as applicable",IF('(1) Expanding the Cohort'!$K$3="Q2 2027","Fill in columns E, K & R. as applicable",IF('(1) Expanding the Cohort'!$K$3="Q3 2027","Fill in columns F, L & S, as applicable",IF('(1) Expanding the Cohort'!$K$3="Q4 2027","Fill in columns G, N & T, as applicable")))) -> Fill in columns D, J and Q, as applicable
K3: ='YTD SUMMARY'!B22 -> Q1 2027 | L3: ='YTD SUMMARY'!C22 -> Apr 1 - Jun 30 2026
B4: EXPANDING THE COHORT
B7: BUDGET LINE ITEM | C7: BUDGET HC | D7: ACTUAL HC Q1 | E7: ACTUAL HC Q2 | F7: ACTUAL HC Q3 | G7: ACTUAL HC Q4 | H7: ACTUAL HC TOTAL | I7: BUDGET CASH MATCH | J7: ACTUAL MATCH Q1 | K7: ACTUAL MATCH Q2 | L7: ACTUAL MATCH Q3 | M7: ACTUAL MATCH Q4 | N7: ACTUAL MATCH TOTAL | O7: SOURCE OF MATCH (A, B, C etc. from Matching Cash tab) | P7: BUDGET TFF MATCH | Q7: ACTUAL TFF MATCH Q1 | R7: ACTUAL TFF MATCH Q2 | S7: ACTUAL TFF MATCH Q3 | T7: ACTUAL TFF MATCH Q4 | U7: ACTUAL TFF MATCH TOTAL
B8: =Budget!C2 -> Cohort - | C8: =IF($K$3="Q1 2027",Budget!D2/4,IF('(1) Expanding the Cohort'!$K$3="Q2 2027",Budget!D2/4*2,IF('(1) Expanding the Cohort'!$K$3="Q3 2027",Budget!D2/4*3,IF('(1) Expanding the Cohort'!$K$3="Q4 2027",Budget!D2/4*4)))) -> 0 | H8: =SUM(D8:G8) -> 0 | I8: =IF($K$3="Q1 2027",Budget!E2/4,IF('(1) Expanding the Cohort'!$K$3="Q2 2027",Budget!E2/4*2,IF('(1) Expanding the Cohort'!$K$3="Q3 2027",Budget!E2/4*3,IF('(1) Expanding the Cohort'!$K$3="Q4 2027",Budget!E2/4*4)))) -> 0 | N8: =SUM(J8:M8) -> 0 | P8: =IF($K$3="Q1 2027",Budget!F2/4,IF('(1) Expanding the Cohort'!$K$3="Q2 2027",Budget!F2/4*2,IF('(1) Expanding the Cohort'!$K$3="Q3 2027",Budget!F2/4*3,IF('(1) Expanding the Cohort'!$K$3="Q4 2027",Budget!F2/4*4)))) -> 0 | U8: =SUM(Q8:T8) -> 0
B9: =Budget!C3 -> Cohort - | C9: =IF($K$3="Q1 2027",Budget!D3/4,IF('(1) Expanding the Cohort'!$K$3="Q2 2027",Budget!D3/4*2,IF('(1) Expanding the Cohort'!$K$3="Q3 2027",Budget!D3/4*3,IF('(1) Expanding the Cohort'!$K$3="Q4 2027",Budget!D3/4*4)))) -> 0 | H9: =SUM(D9:G9) -> 0 | I9: =IF($K$3="Q1 2027",Budget!E3/4,IF('(1) Expanding the Cohort'!$K$3="Q2 2027",Budget!E3/4*2,IF('(1) Expanding the Cohort'!$K$3="Q3 2027",Budget!E3/4*3,IF('(1) Expanding the Cohort'!$K$3="Q4 2027",Budget!E3/4*4)))) -> 0 | N9: =SUM(J9:M9) -> 0 | P9: =IF($K$3="Q1 2027",Budget!F3/4,IF('(1) Expanding the Cohort'!$K$3="Q2 2027",Budget!F3/4*2,IF('(1) Expanding the Cohort'!$K$3="Q3 2027",Budget!F3/4*3,IF('(1) Expanding the Cohort'!$K$3="Q4 2027",Budget!F3/4*4)))) -> 0 | U9: =SUM(Q9:T9) -> 0
B10: =Budget!C4 -> Cohort - | C10: =IF($K$3="Q1 2027",Budget!D4/4,IF('(1) Expanding the Cohort'!$K$3="Q2 2027",Budget!D4/4*2,IF('(1) Expanding the Cohort'!$K$3="Q3 2027",Budget!D4/4*3,IF('(1) Expanding the Cohort'!$K$3="Q4 2027",Budget!D4/4*4)))) -> 0 | H10: =SUM(D10:G10) -> 0 | I10: =IF($K$3="Q1 2027",Budget!E4/4,IF('(1) Expanding the Cohort'!$K$3="Q2 2027",Budget!E4/4*2,IF('(1) Expanding the Cohort'!$K$3="Q3 2027",Budget!E4/4*3,IF('(1) Expanding the Cohort'!$K$3="Q4 2027",Budget!E4/4*4)))) -> 0 | N10: =SUM(J10:M10) -> 0 | P10: =IF($K$3="Q1 2027",Budget!F4/4,IF('(1) Expanding the Cohort'!$K$3="Q2 2027",Budget!F4/4*2,IF('(1) Expanding the Cohort'!$K$3="Q3 2027",Budget!F4/4*3,IF('(1) Expanding the Cohort'!$K$3="Q4 2027",Budget!F4/4*4)))) -> 0 | U10: =SUM(Q10:T10) -> 0
B11: =Budget!C5 -> Cohort - | C11: =IF($K$3="Q1 2027",Budget!D5/4,IF('(1) Expanding the Cohort'!$K$3="Q2 2027",Budget!D5/4*2,IF('(1) Expanding the Cohort'!$K$3="Q3 2027",Budget!D5/4*3,IF('(1) Expanding the Cohort'!$K$3="Q4 2027",Budget!D5/4*4)))) -> 0 | H11: =SUM(D11:G11) -> 0 | I11: =IF($K$3="Q1 2027",Budget!E5/4,IF('(1) Expanding the Cohort'!$K$3="Q2 2027",Budget!E5/4*2,IF('(1) Expanding the Cohort'!$K$3="Q3 2027",Budget!E5/4*3,IF('(1) Expanding the Cohort'!$K$3="Q4 2027",Budget!E5/4*4)))) -> 0 | N11: =SUM(J11:M11) -> 0 | P11: =IF($K$3="Q1 2027",Budget!F5/4,IF('(1) Expanding the Cohort'!$K$3="Q2 2027",Budget!F5/4*2,IF('(1) Expanding the Cohort'!$K$3="Q3 2027",Budget!F5/4*3,IF('(1) Expanding the Cohort'!$K$3="Q4 2027",Budget!F5/4*4)))) -> 0 | U11: =SUM(Q11:T11) -> 0
B12: =Budget!C6 -> Cohort - | C12: =IF($K$3="Q1 2027",Budget!D6/4,IF('(1) Expanding the Cohort'!$K$3="Q2 2027",Budget!D6/4*2,IF('(1) Expanding the Cohort'!$K$3="Q3 2027",Budget!D6/4*3,IF('(1) Expanding the Cohort'!$K$3="Q4 2027",Budget!D6/4*4)))) -> 0 | H12: =SUM(D12:G12) -> 0 | I12: =IF($K$3="Q1 2027",Budget!E6/4,IF('(1) Expanding the Cohort'!$K$3="Q2 2027",Budget!E6/4*2,IF('(1) Expanding the Cohort'!$K$3="Q3 2027",Budget!E6/4*3,IF('(1) Expanding the Cohort'!$K$3="Q4 2027",Budget!E6/4*4)))) -> 0 | N12: =SUM(J12:M12) -> 0 | P12: =IF($K$3="Q1 2027",Budget!F6/4,IF('(1) Expanding the Cohort'!$K$3="Q2 2027",Budget!F6/4*2,IF('(1) Expanding the Cohort'!$K$3="Q3 2027",Budget!F6/4*3,IF('(1) Expanding the Cohort'!$K$3="Q4 2027",Budget!F6/4*4)))) -> 0 | U12: =SUM(Q12:T12) -> 0
B13: =Budget!C7 -> Infrastructure - | C13: =IF($K$3="Q1 2027",Budget!D7/4,IF('(1) Expanding the Cohort'!$K$3="Q2 2027",Budget!D7/4*2,IF('(1) Expanding the Cohort'!$K$3="Q3 2027",Budget!D7/4*3,IF('(1) Expanding the Cohort'!$K$3="Q4 2027",Budget!D7/4*4)))) -> 0 | H13: =SUM(D13:G13) -> 0 | I13: =IF($K$3="Q1 2027",Budget!E7/4,IF('(1) Expanding the Cohort'!$K$3="Q2 2027",Budget!E7/4*2,IF('(1) Expanding the Cohort'!$K$3="Q3 2027",Budget!E7/4*3,IF('(1) Expanding the Cohort'!$K$3="Q4 2027",Budget!E7/4*4)))) -> 0 | N13: =SUM(J13:M13) -> 0 | P13: =IF($K$3="Q1 2027",Budget!F7/4,IF('(1) Expanding the Cohort'!$K$3="Q2 2027",Budget!F7/4*2,IF('(1) Expanding the Cohort'!$K$3="Q3 2027",Budget!F7/4*3,IF('(1) Expanding the Cohort'!$K$3="Q4 2027",Budget!F7/4*4)))) -> 0 | U13: =SUM(Q13:T13) -> 0
B14: =Budget!C8 -> Infrastructure - | C14: =IF($K$3="Q1 2027",Budget!D8/4,IF('(1) Expanding the Cohort'!$K$3="Q2 2027",Budget!D8/4*2,IF('(1) Expanding the Cohort'!$K$3="Q3 2027",Budget!D8/4*3,IF('(1) Expanding the Cohort'!$K$3="Q4 2027",Budget!D8/4*4)))) -> 0 | H14: =SUM(D14:G14) -> 0 | I14: =IF($K$3="Q1 2027",Budget!E8/4,IF('(1) Expanding the Cohort'!$K$3="Q2 2027",Budget!E8/4*2,IF('(1) Expanding the Cohort'!$K$3="Q3 2027",Budget!E8/4*3,IF('(1) Expanding the Cohort'!$K$3="Q4 2027",Budget!E8/4*4)))) -> 0 | N14: =SUM(J14:M14) -> 0 | P14: =IF($K$3="Q1 2027",Budget!F8/4,IF('(1) Expanding the Cohort'!$K$3="Q2 2027",Budget!F8/4*2,IF('(1) Expanding the Cohort'!$K$3="Q3 2027",Budget!F8/4*3,IF('(1) Expanding the Cohort'!$K$3="Q4 2027",Budget!F8/4*4)))) -> 0 | U14: =SUM(Q14:T14) -> 0
B15: =Budget!C9 -> Infrastructure - | C15: =IF($K$3="Q1 2027",Budget!D9/4,IF('(1) Expanding the Cohort'!$K$3="Q2 2027",Budget!D9/4*2,IF('(1) Expanding the Cohort'!$K$3="Q3 2027",Budget!D9/4*3,IF('(1) Expanding the Cohort'!$K$3="Q4 2027",Budget!D9/4*4)))) -> 0 | H15: =SUM(D15:G15) -> 0 | I15: =IF($K$3="Q1 2027",Budget!E9/4,IF('(1) Expanding the Cohort'!$K$3="Q2 2027",Budget!E9/4*2,IF('(1) Expanding the Cohort'!$K$3="Q3 2027",Budget!E9/4*3,IF('(1) Expanding the Cohort'!$K$3="Q4 2027",Budget!E9/4*4)))) -> 0 | N15: =SUM(J15:M15) -> 0 | P15: =IF($K$3="Q1 2027",Budget!F9/4,IF('(1) Expanding the Cohort'!$K$3="Q2 2027",Budget!F9/4*2,IF('(1) Expanding the Cohort'!$K$3="Q3 2027",Budget!F9/4*3,IF('(1) Expanding the Cohort'!$K$3="Q4 2027",Budget!F9/4*4)))) -> 0 | U15: =SUM(Q15:T15) -> 0
B16: =Budget!C10 -> Infrastructure - | C16: =IF($K$3="Q1 2027",Budget!D10/4,IF('(1) Expanding the Cohort'!$K$3="Q2 2027",Budget!D10/4*2,IF('(1) Expanding the Cohort'!$K$3="Q3 2027",Budget!D10/4*3,IF('(1) Expanding the Cohort'!$K$3="Q4 2027",Budget!D10/4*4)))) -> 0 | H16: =SUM(D16:G16) -> 0 | I16: =IF($K$3="Q1 2027",Budget!E10/4,IF('(1) Expanding the Cohort'!$K$3="Q2 2027",Budget!E10/4*2,IF('(1) Expanding the Cohort'!$K$3="Q3 2027",Budget!E10/4*3,IF('(1) Expanding the Cohort'!$K$3="Q4 2027",Budget!E10/4*4)))) -> 0 | N16: =SUM(J16:M16) -> 0 | P16: =IF($K$3="Q1 2027",Budget!F10/4,IF('(1) Expanding the Cohort'!$K$3="Q2 2027",Budget!F10/4*2,IF('(1) Expanding the Cohort'!$K$3="Q3 2027",Budget!F10/4*3,IF('(1) Expanding the Cohort'!$K$3="Q4 2027",Budget!F10/4*4)))) -> 0 | U16: =SUM(Q16:T16) -> 0
B17: =Budget!C11 -> Infrastructure - | C17: =IF($K$3="Q1 2027",Budget!D11/4,IF('(1) Expanding the Cohort'!$K$3="Q2 2027",Budget!D11/4*2,IF('(1) Expanding the Cohort'!$K$3="Q3 2027",Budget!D11/4*3,IF('(1) Expanding the Cohort'!$K$3="Q4 2027",Budget!D11/4*4)))) -> 0 | H17: =SUM(D17:G17) -> 0 | I17: =IF($K$3="Q1 2027",Budget!E11/4,IF('(1) Expanding the Cohort'!$K$3="Q2 2027",Budget!E11/4*2,IF('(1) Expanding the Cohort'!$K$3="Q3 2027",Budget!E11/4*3,IF('(1) Expanding the Cohort'!$K$3="Q4 2027",Budget!E11/4*4)))) -> 0 | N17: =SUM(J17:M17) -> 0 | P17: =IF($K$3="Q1 2027",Budget!F11/4,IF('(1) Expanding the Cohort'!$K$3="Q2 2027",Budget!F11/4*2,IF('(1) Expanding the Cohort'!$K$3="Q3 2027",Budget!F11/4*3,IF('(1) Expanding the Cohort'!$K$3="Q4 2027",Budget!F11/4*4)))) -> 0 | U17: =SUM(Q17:T17) -> 0
B18: =Budget!C12 -> Infrastructure - | C18: =IF($K$3="Q1 2027",Budget!D12/4,IF('(1) Expanding the Cohort'!$K$3="Q2 2027",Budget!D12/4*2,IF('(1) Expanding the Cohort'!$K$3="Q3 2027",Budget!D12/4*3,IF('(1) Expanding the Cohort'!$K$3="Q4 2027",Budget!D12/4*4)))) -> 0 | H18: =SUM(D18:G18) -> 0 | I18: =IF($K$3="Q1 2027",Budget!E12/4,IF('(1) Expanding the Cohort'!$K$3="Q2 2027",Budget!E12/4*2,IF('(1) Expanding the Cohort'!$K$3="Q3 2027",Budget!E12/4*3,IF('(1) Expanding the Cohort'!$K$3="Q4 2027",Budget!E12/4*4)))) -> 0 | N18: =SUM(J18:M18) -> 0 | P18: =IF($K$3="Q1 2027",Budget!F12/4,IF('(1) Expanding the Cohort'!$K$3="Q2 2027",Budget!F12/4*2,IF('(1) Expanding the Cohort'!$K$3="Q3 2027",Budget!F12/4*3,IF('(1) Expanding the Cohort'!$K$3="Q4 2027",Budget!F12/4*4)))) -> 0 | U18: =SUM(Q18:T18) -> 0
B19: =Budget!C13 -> Infrastructure - | C19: =IF($K$3="Q1 2027",Budget!D13/4,IF('(1) Expanding the Cohort'!$K$3="Q2 2027",Budget!D13/4*2,IF('(1) Expanding the Cohort'!$K$3="Q3 2027",Budget!D13/4*3,IF('(1) Expanding the Cohort'!$K$3="Q4 2027",Budget!D13/4*4)))) -> 0 | H19: =SUM(D19:G19) -> 0 | I19: =IF($K$3="Q1 2027",Budget!E13/4,IF('(1) Expanding the Cohort'!$K$3="Q2 2027",Budget!E13/4*2,IF('(1) Expanding the Cohort'!$K$3="Q3 2027",Budget!E13/4*3,IF('(1) Expanding the Cohort'!$K$3="Q4 2027",Budget!E13/4*4)))) -> 0 | N19: =SUM(J19:M19) -> 0 | P19: =IF($K$3="Q1 2027",Budget!F13/4,IF('(1) Expanding the Cohort'!$K$3="Q2 2027",Budget!F13/4*2,IF('(1) Expanding the Cohort'!$K$3="Q3 2027",Budget!F13/4*3,IF('(1) Expanding the Cohort'!$K$3="Q4 2027",Budget!F13/4*4)))) -> 0 | U19: =SUM(Q19:T19) -> 0
... B32: =Budget!C26 -> Secretariat - | C32: =IF($K$3="Q1 2027",Budget!D26/4,IF('(1) Expanding the Cohort'!$K$3="Q2 2027",Budget!D26/4*2,IF('(1) Expanding the Cohort'!$K$3="Q3 2027",Budget!D26/4*3,IF('(1) Expanding the Cohort'!$K$3="Q4 2027",Budget!D26/4*4)))) -> 0 | H32: =SUM(D32:G32) -> 0 | I32: =IF($K$3="Q1 2027",Budget!E26/4,IF('(1) Expanding the Cohort'!$K$3="Q2 2027",Budget!E26/4*2,IF('(1) Expanding the Cohort'!$K$3="Q3 2027",Budget!E26/4*3,IF('(1) Expanding the Cohort'!$K$3="Q4 2027",Budget!E26/4*4)))) -> 0 | N32: =SUM(J32:M32) -> 0 | P32: =IF($K$3="Q1 2027",Budget!F26/4,IF('(1) Expanding the Cohort'!$K$3="Q2 2027",Budget!F26/4*2,IF('(1) Expanding the Cohort'!$K$3="Q3 2027",Budget!F26/4*3,IF('(1) Expanding the Cohort'!$K$3="Q4 2027",Budget!F26/4*4)))) -> 0 | U32: =SUM(Q32:T32) -> 0
H33: =SUM(D33:G33) -> 0 | N33: =SUM(J33:M33) -> 0 | P33: =IF($K$3="Q1 2027",Budget!F27/4,IF('(1) Expanding the Cohort'!$K$3="Q2 2027",Budget!F27/4*2,IF('(1) Expanding the Cohort'!$K$3="Q3 2027",Budget!F27/4*3,IF('(1) Expanding the Cohort'!$K$3="Q4 2027",Budget!F27/4*4)))) -> 0 | U33: =SUM(Q33:T33) -> 0
H34: =SUM(D34:G34) -> 0 | N34: =SUM(J34:M34) -> 0 | U34: =SUM(Q34:T34) -> 0
H35: =SUM(D35:G35) -> 0 | N35: =SUM(J35:M35) -> 0 | U35: =SUM(Q35:T35) -> 0
H36: =SUM(D36:G36) -> 0 | N36: =SUM(J36:M36) -> 0 | U36: =SUM(Q36:T36) -> 0
H37: =SUM(D37:G37) -> 0 | N37: =SUM(J37:M37) -> 0 | U37: =SUM(Q37:T37) -> 0
B38: TOTAL | C38: =SUM(C8:C37) -> 0 | D38: =SUM(D8:D37) -> 0 | E38: =SUM(E8:E37) -> 0 | F38: =SUM(F8:F37) -> 0 | G38: =SUM(G8:G37) -> 0 | H38: =SUM(H8:H37) -> 0 | I38: =SUM(I8:I37) -> 0 | J38: =SUM(J8:J37) -> 0 | ... N38: =SUM(N8:N37) -> 0 | P38: =SUM(P8:P37) -> 0 | Q38: =SUM(Q8:Q37) -> 0 | R38: =SUM(R8:R37) -> 0 | S38: =SUM(S8:S37) -> 0 | T38: =SUM(T8:T37) -> 0 | U38: =SUM(U8:U37) -> 0

Sheet (2) Access & Equity
B2: TFRI - MARATHON OF HOPE CANCER CENTRES NETWORK | K2: Quarter | L2: Date Range | N2: =IF($K$3="Q1 2027","Fill in columns D, J and Q, as applicable",IF('(2) Access & Equity'!$K$3="Q2 2027","Fill in columns E, K & R, as applicable",IF('(2) Access & Equity'!$K$3="Q3 2027","Fill in columns F, L & S, as applicable",IF('(2) Access & Equity'!$K$3="Q4 2027","Fill in columns G, N & T, as applicable")))) -> Fill in columns D, J and Q, as applicable
K3: ='YTD SUMMARY'!B22 -> Q1 2027 | L3: ='YTD SUMMARY'!C22 -> Apr 1 - Jun 30 2026
B4: ACCESS & EQUITY
B7: BUDGET LINE ITEM | C7: BUDGET HC | D7: ACTUAL HC Q1 | E7: ACTUAL HC Q2 | F7: ACTUAL HC Q3 | G7: ACTUAL HC Q4 | H7: ACTUAL HC TOTAL | I7: BUDGET CASH MATCH | J7: ACTUAL MATCH Q1 | K7: ACTUAL MATCH Q2 | L7: ACTUAL MATCH Q3 | M7: ACTUAL MATCH Q4 | N7: ACTUAL MATCH TOTAL | O7: SOURCE OF MATCH (A, B, C etc. from Matching Cash tab) | P7: BUDGET TFF MATCH | Q7: ACTUAL TFF MATCH Q1 | R7: ACTUAL TFF MATCH Q2 | S7: ACTUAL TFF MATCH Q3 | T7: ACTUAL TFF MATCH Q4 | U7: ACTUAL TFF MATCH TOTAL
B8: =Budget!C29 -> Access & Equity - | C8: =IF($K$3="Q1 2027",Budget!D29/4,IF('(1) Expanding the Cohort'!$K$3="Q2 2027",Budget!D29/4*2,IF('(1) Expanding the Cohort'!$K$3="Q3 2027",Budget!D29/4*3,IF('(1) Expanding the Cohort'!$K$3="Q4 2027",Budget!D29/4*4)))) -> 0 | H8: =SUM(D8:G8) -> 0 | I8: =IF($K$3="Q1 2027",Budget!E29/4,IF('(1) Expanding the Cohort'!$K$3="Q2 2027",Budget!E29/4*2,IF('(1) Expanding the Cohort'!$K$3="Q3 2027",Budget!E29/4*3,IF('(1) Expanding the Cohort'!$K$3="Q4 2027",Budget!E29/4*4)))) -> 0 | N8: =SUM(J8:M8) -> 0 | P8: =IF($K$3="Q1 2027",Budget!F29/4,IF('(1) Expanding the Cohort'!$K$3="Q2 2027",Budget!F29/4*2,IF('(1) Expanding the Cohort'!$K$3="Q3 2027",Budget!F29/4*3,IF('(1) Expanding the Cohort'!$K$3="Q4 2027",Budget!F29/4*4)))) -> 0 | T8: =SUM(P8:S8) -> 0 | U8: =SUM(Q8:T8) -> 0
B9: =Budget!C30 -> Access & Equity - | C9: =IF($K$3="Q1 2027",Budget!D30/4,IF('(1) Expanding the Cohort'!$K$3="Q2 2027",Budget!D30/4*2,IF('(1) Expanding the Cohort'!$K$3="Q3 2027",Budget!D30/4*3,IF('(1) Expanding the Cohort'!$K$3="Q4 2027",Budget!D30/4*4)))) -> 0 | H9: =SUM(D9:G9) -> 0 | I9: =IF($K$3="Q1 2027",Budget!E30/4,IF('(1) Expanding the Cohort'!$K$3="Q2 2027",Budget!E30/4*2,IF('(1) Expanding the Cohort'!$K$3="Q3 2027",Budget!E30/4*3,IF('(1) Expanding the Cohort'!$K$3="Q4 2027",Budget!E30/4*4)))) -> 0 | N9: =SUM(J9:M9) -> 0 | P9: =IF($K$3="Q1 2027",Budget!F30/4,IF('(1) Expanding the Cohort'!$K$3="Q2 2027",Budget!F30/4*2,IF('(1) Expanding the Cohort'!$K$3="Q3 2027",Budget!F30/4*3,IF('(1) Expanding the Cohort'!$K$3="Q4 2027",Budget!F30/4*4)))) -> 0 | T9: =SUM(P9:S9) -> 0 | U9: =SUM(Q9:T9) -> 0
B10: =Budget!C31 -> Access & Equity - | C10: =IF($K$3="Q1 2027",Budget!D31/4,IF('(1) Expanding the Cohort'!$K$3="Q2 2027",Budget!D31/4*2,IF('(1) Expanding the Cohort'!$K$3="Q3 2027",Budget!D31/4*3,IF('(1) Expanding the Cohort'!$K$3="Q4 2027",Budget!D31/4*4)))) -> 0 | H10: =SUM(D10:G10) -> 0 | I10: =IF($K$3="Q1 2027",Budget!E31/4,IF('(1) Expanding the Cohort'!$K$3="Q2 2027",Budget!E31/4*2,IF('(1) Expanding the Cohort'!$K$3="Q3 2027",Budget!E31/4*3,IF('(1) Expanding the Cohort'!$K$3="Q4 2027",Budget!E31/4*4)))) -> 0 | N10: =SUM(J10:M10) -> 0 | P10: =IF($K$3="Q1 2027",Budget!F31/4,IF('(1) Expanding the Cohort'!$K$3="Q2 2027",Budget!F31/4*2,IF('(1) Expanding the Cohort'!$K$3="Q3 2027",Budget!F31/4*3,IF('(1) Expanding the Cohort'!$K$3="Q4 2027",Budget!F31/4*4)))) -> 0 | T10: =SUM(P10:S10) -> 0 | U10: =SUM(Q10:T10) -> 0
B11: =Budget!C32 -> Access & Equity - | C11: =IF($K$3="Q1 2027",Budget!D32/4,IF('(1) Expanding the Cohort'!$K$3="Q2 2027",Budget!D32/4*2,IF('(1) Expanding the Cohort'!$K$3="Q3 2027",Budget!D32/4*3,IF('(1) Expanding the Cohort'!$K$3="Q4 2027",Budget!D32/4*4)))) -> 0 | H11: =SUM(D11:G11) -> 0 | I11: =IF($K$3="Q1 2027",Budget!E32/4,IF('(1) Expanding the Cohort'!$K$3="Q2 2027",Budget!E32/4*2,IF('(1) Expanding the Cohort'!$K$3="Q3 2027",Budget!E32/4*3,IF('(1) Expanding the Cohort'!$K$3="Q4 2027",Budget!E32/4*4)))) -> 0 | N11: =SUM(J11:M11) -> 0 | P11: =IF($K$3="Q1 2027",Budget!F32/4,IF('(1) Expanding the Cohort'!$K$3="Q2 2027",Budget!F32/4*2,IF('(1) Expanding the Cohort'!$K$3="Q3 2027",Budget!F32/4*3,IF('(1) Expanding the Cohort'!$K$3="Q4 2027",Budget!F32/4*4)))) -> 0 | T11: =SUM(P11:S11) -> 0 | U11: =SUM(Q11:T11) -> 0
B12: =Budget!C33 -> Access & Equity - | C12: =IF($K$3="Q1 2027",Budget!D33/4,IF('(1) Expanding the Cohort'!$K$3="Q2 2027",Budget!D33/4*2,IF('(1) Expanding the Cohort'!$K$3="Q3 2027",Budget!D33/4*3,IF('(1) Expanding the Cohort'!$K$3="Q4 2027",Budget!D33/4*4)))) -> 0 | H12: =SUM(D12:G12) -> 0 | I12: =IF($K$3="Q1 2027",Budget!E33/4,IF('(1) Expanding the Cohort'!$K$3="Q2 2027",Budget!E33/4*2,IF('(1) Expanding the Cohort'!$K$3="Q3 2027",Budget!E33/4*3,IF('(1) Expanding the Cohort'!$K$3="Q4 2027",Budget!E33/4*4)))) -> 0 | N12: =SUM(J12:M12) -> 0 | P12: =IF($K$3="Q1 2027",Budget!F33/4,IF('(1) Expanding the Cohort'!$K$3="Q2 2027",Budget!F33/4*2,IF('(1) Expanding the Cohort'!$K$3="Q3 2027",Budget!F33/4*3,IF('(1) Expanding the Cohort'!$K$3="Q4 2027",Budget!F33/4*4)))) -> 0 | T12: =SUM(P12:S12) -> 0 | U12: =SUM(Q12:T12) -> 0
B13: =Budget!C34 -> Access & Equity - | C13: =IF($K$3="Q1 2027",Budget!D34/4,IF('(1) Expanding the Cohort'!$K$3="Q2 2027",Budget!D34/4*2,IF('(1) Expanding the Cohort'!$K$3="Q3 2027",Budget!D34/4*3,IF('(1) Expanding the Cohort'!$K$3="Q4 2027",Budget!D34/4*4)))) -> 0 | H13: =SUM(D13:G13) -> 0 | I13: =IF($K$3="Q1 2027",Budget!E34/4,IF('(1) Expanding the Cohort'!$K$3="Q2 2027",Budget!E34/4*2,IF('(1) Expanding the Cohort'!$K$3="Q3 2027",Budget!E34/4*3,IF('(1) Expanding the Cohort'!$K$3="Q4 2027",Budget!E34/4*4)))) -> 0 | N13: =SUM(J13:M13) -> 0 | P13: =IF($K$3="Q1 2027",Budget!F34/4,IF('(1) Expanding the Cohort'!$K$3="Q2 2027",Budget!F34/4*2,IF('(1) Expanding the Cohort'!$K$3="Q3 2027",Budget!F34/4*3,IF('(1) Expanding the Cohort'!$K$3="Q4 2027",Budget!F34/4*4)))) -> 0 | T13: =SUM(P13:S13) -> 0 | U13: =SUM(Q13:T13) -> 0
H14: =SUM(D14:G14) -> 0 | N14: =SUM(J14:M14) -> 0 | P14: =IF($K$3="Q1 2027",Budget!F35/4,IF('(1) Expanding the Cohort'!$K$3="Q2 2027",Budget!F35/4*2,IF('(1) Expanding the Cohort'!$K$3="Q3 2027",Budget!F35/4*3,IF('(1) Expanding the Cohort'!$K$3="Q4 2027",Budget!F35/4*4)))) -> 0 | T14: =SUM(P14:S14) -> 0 | U14: =SUM(Q14:T14) -> 0
H15: =SUM(D15:G15) -> 0 | N15: =SUM(J15:M15) -> 0 | T15: =SUM(P15:S15) -> 0 | U15: =SUM(Q15:T15) -> 0
H16: =SUM(D16:G16) -> 0 | N16: =SUM(J16:M16) -> 0 | T16: =SUM(P16:S16) -> 0 | U16: =SUM(Q16:T16) -> 0
H17: =SUM(D17:G17) -> 0 | N17: =SUM(J17:M17) -> 0 | T17: =SUM(P17:S17) -> 0 | U17: =SUM(Q17:T17) -> 0
H18: =SUM(D18:G18) -> 0 | N18: =SUM(J18:M18) -> 0 | T18: =SUM(P18:S18) -> 0 | U18: =SUM(Q18:T18) -> 0
H19: =SUM(D19:G19) -> 0 | N19: =SUM(J19:M19) -> 0 | T19: =SUM(P19:S19) -> 0 | U19: =SUM(Q19:T19) -> 0
H20: =SUM(D20:G20) -> 0 | N20: =SUM(J20:M20) -> 0 | T20: =SUM(P20:S20) -> 0
H21: =SUM(D21:G21) -> 0 | N21: =SUM(J21:M21) -> 0 | T21: =SUM(P21:S21) -> 0
H22: =SUM(D22:G22) -> 0 | N22: =SUM(J22:M22) -> 0 | T22: =SUM(P22:S22) -> 0
H23: =SUM(D23:G23) -> 0 | N23: =SUM(J23:M23) -> 0 | T23: =SUM(P23:S23) -> 0
H24: =SUM(D24:G24) -> 0 | N24: =SUM(J24:M24) -> 0 | T24: =SUM(P24:S24) -> 0
H25: =SUM(D25:G25) -> 0 | N25: =SUM(J25:M25) -> 0 | T25: =SUM(P25:S25) -> 0
H26: =SUM(D26:G26) -> 0 | N26: =SUM(J26:M26) -> 0 | T26: =SUM(P26:S26) -> 0
H27: =SUM(D27:G27) -> 0 | N27: =SUM(J27:M27) -> 0 | T27: =SUM(P27:S27) -> 0 | U27: =SUM(Q27:T27) -> 0
H28: =SUM(D28:G28) -> 0 | N28: =SUM(J28:M28) -> 0 | T28: =SUM(P28:S28) -> 0 | U28: =SUM(Q28:T28) -> 0
B29: TOTAL | C29: =SUM(C8:C28) -> 0 | D29: =SUM(D8:D28) -> 0 | E29: =SUM(E8:E28) -> 0 | F29: =SUM(F8:F28) -> 0 | G29: =SUM(G8:G28) -> 0 | H29: =SUM(H8:H28) -> 0 | I29: =SUM(I8:I28) -> 0 | J29: =SUM(J8:J28) -> 0 | ... N29: =SUM(N8:N28) -> 0 | P29: =SUM(P8:P28) -> 0 | Q29: =SUM(Q8:Q28) -> 0 | R29: =SUM(R8:R28) -> 0 | S29: =SUM(S8:S28) -> 0 | T29: =SUM(T8:T28) -> 0 | U29: =SUM(U8:U28) -> 0

Sheet (3) Research & Training
B2: TFRI - MARATHON OF HOPE CANCER CENTRES NETWORK | K2: Quarter | L2: Date Range | N2: =IF($K$3="Q1 2027","Fill in columns D, J and Q, as applicable",IF('(3) Research & Training'!$K$3="Q2 2027","Fill in columns E, K & R, as applicable",IF('(3) Research & Training'!$K$3="Q3 2027","Fill in columns F, L & S, as applicable",IF('(3) Research & Training'!$K$3="Q4 2027","Fill in columns G, N & T, as applicable")))) -> Fill in columns D, J and Q, as applicable
K3: ='YTD SUMMARY'!B22 -> Q1 2027 | L3: ='YTD SUMMARY'!C22 -> Apr 1 - Jun 30 2026
B4: RESEARCH & TRAINING
B7: BUDGET LINE ITEM | C7: BUDGET HC | D7: ACTUAL HC Q1 | E7: ACTUAL HC Q2 | F7: ACTUAL HC Q3 | G7: ACTUAL HC Q4 | H7: ACTUAL HC TOTAL | I7: BUDGET CASH MATCH | J7: ACTUAL MATCH Q1 | K7: ACTUAL MATCH Q2 | L7: ACTUAL MATCH Q3 | M7: ACTUAL MATCH Q4 | N7: ACTUAL MATCH TOTAL | O7: SOURCE OF MATCH (A, B, C etc. from Matching Cash tab) | P7: BUDGET TFF MATCH | Q7: ACTUAL TFF MATCH Q1 | R7: ACTUAL TFF MATCH Q2 | S7: ACTUAL TFF MATCH Q3 | T7: ACTUAL TFF MATCH Q4 | U7: ACTUAL TFF MATCH TOTAL
B8: =Budget!C37 -> Research Training - | C8: =IF($K$3="Q1 2027",Budget!D37/4,IF('(1) Expanding the Cohort'!$K$3="Q2 2027",Budget!D37/4*2,IF('(1) Expanding the Cohort'!$K$3="Q3 2027",Budget!D37/4*3,IF('(1) Expanding the Cohort'!$K$3="Q4 2027",Budget!D37/4*4)))) -> 0 | H8: =SUM(D8:G8) -> 0 | I8: =IF($K$3="Q1 2027",Budget!E37/4,IF('(1) Expanding the Cohort'!$K$3="Q2 2027",Budget!E37/4*2,IF('(1) Expanding the Cohort'!$K$3="Q3 2027",Budget!E37/4*3,IF('(1) Expanding the Cohort'!$K$3="Q4 2027",Budget!E37/4*4)))) -> 0 | N8: =SUM(J8:M8) -> 0 | P8: =IF($K$3="Q1 2027",Budget!F37/4,IF('(1) Expanding the Cohort'!$K$3="Q2 2027",Budget!F37/4*2,IF('(1) Expanding the Cohort'!$K$3="Q3 2027",Budget!F37/4*3,IF('(1) Expanding the Cohort'!$K$3="Q4 2027",Budget!F37/4*4)))) -> 0 | T8: =SUM(P8:S8) -> 0 | U8: =SUM(Q8:T8) -> 0
B9: =Budget!C38 -> Research Training - | C9: =IF($K$3="Q1 2027",Budget!D38/4,IF('(1) Expanding the Cohort'!$K$3="Q2 2027",Budget!D38/4*2,IF('(1) Expanding the Cohort'!$K$3="Q3 2027",Budget!D38/4*3,IF('(1) Expanding the Cohort'!$K$3="Q4 2027",Budget!D38/4*4)))) -> 0 | H9: =SUM(D9:G9) -> 0 | I9: =IF($K$3="Q1 2027",Budget!E38/4,IF('(1) Expanding the Cohort'!$K$3="Q2 2027",Budget!E38/4*2,IF('(1) Expanding the Cohort'!$K$3="Q3 2027",Budget!E38/4*3,IF('(1) Expanding the Cohort'!$K$3="Q4 2027",Budget!E38/4*4)))) -> 0 | N9: =SUM(J9:M9) -> 0 | P9: =IF($K$3="Q1 2027",Budget!F38/4,IF('(1) Expanding the Cohort'!$K$3="Q2 2027",Budget!F38/4*2,IF('(1) Expanding the Cohort'!$K$3="Q3 2027",Budget!F38/4*3,IF('(1) Expanding the Cohort'!$K$3="Q4 2027",Budget!F38/4*4)))) -> 0 | T9: =SUM(P9:S9) -> 0 | U9: =SUM(Q9:T9) -> 0
B10: =Budget!C39 -> Research Training - | C10: =IF($K$3="Q1 2027",Budget!D39/4,IF('(1) Expanding the Cohort'!$K$3="Q2 2027",Budget!D39/4*2,IF('(1) Expanding the Cohort'!$K$3="Q3 2027",Budget!D39/4*3,IF('(1) Expanding the Cohort'!$K$3="Q4 2027",Budget!D39/4*4)))) -> 0 | H10: =SUM(D10:G10) -> 0 | I10: =IF($K$3="Q1 2027",Budget!E39/4,IF('(1) Expanding the Cohort'!$K$3="Q2 2027",Budget!E39/4*2,IF('(1) Expanding the Cohort'!$K$3="Q3 2027",Budget!E39/4*3,IF('(1) Expanding the Cohort'!$K$3="Q4 2027",Budget!E39/4*4)))) -> 0 | N10: =SUM(J10:M10) -> 0 | P10: =IF($K$3="Q1 2027",Budget!F39/4,IF('(1) Expanding the Cohort'!$K$3="Q2 2027",Budget!F39/4*2,IF('(1) Expanding the Cohort'!$K$3="Q3 2027",Budget!F39/4*3,IF('(1) Expanding the Cohort'!$K$3="Q4 2027",Budget!F39/4*4)))) -> 0 | T10: =SUM(P10:S10) -> 0 | U10: =SUM(Q10:T10) -> 0
B11: =Budget!C40 -> Research Training - | C11: =IF($K$3="Q1 2027",Budget!D40/4,IF('(1) Expanding the Cohort'!$K$3="Q2 2027",Budget!D40/4*2,IF('(1) Expanding the Cohort'!$K$3="Q3 2027",Budget!D40/4*3,IF('(1) Expanding the Cohort'!$K$3="Q4 2027",Budget!D40/4*4)))) -> 0 | H11: =SUM(D11:G11) -> 0 | I11: =IF($K$3="Q1 2027",Budget!E40/4,IF('(1) Expanding the Cohort'!$K$3="Q2 2027",Budget!E40/4*2,IF('(1) Expanding the Cohort'!$K$3="Q3 2027",Budget!E40/4*3,IF('(1) Expanding the Cohort'!$K$3="Q4 2027",Budget!E40/4*4)))) -> 0 | N11: =SUM(J11:M11) -> 0 | P11: =IF($K$3="Q1 2027",Budget!F40/4,IF('(1) Expanding the Cohort'!$K$3="Q2 2027",Budget!F40/4*2,IF('(1) Expanding the Cohort'!$K$3="Q3 2027",Budget!F40/4*3,IF('(1) Expanding the Cohort'!$K$3="Q4 2027",Budget!F40/4*4)))) -> 0 | T11: =SUM(P11:S11) -> 0 | U11: =SUM(Q11:T11) -> 0
B12: =Budget!C41 -> Research Training - | C12: =IF($K$3="Q1 2027",Budget!D41/4,IF('(1) Expanding the Cohort'!$K$3="Q2 2027",Budget!D41/4*2,IF('(1) Expanding the Cohort'!$K$3="Q3 2027",Budget!D41/4*3,IF('(1) Expanding the Cohort'!$K$3="Q4 2027",Budget!D41/4*4)))) -> 0 | H12: =SUM(D12:G12) -> 0 | I12: =IF($K$3="Q1 2027",Budget!E41/4,IF('(1) Expanding the Cohort'!$K$3="Q2 2027",Budget!E41/4*2,IF('(1) Expanding the Cohort'!$K$3="Q3 2027",Budget!E41/4*3,IF('(1) Expanding the Cohort'!$K$3="Q4 2027",Budget!E41/4*4)))) -> 0 | N12: =SUM(J12:M12) -> 0 | P12: =IF($K$3="Q1 2027",Budget!F41/4,IF('(1) Expanding the Cohort'!$K$3="Q2 2027",Budget!F41/4*2,IF('(1) Expanding the Cohort'!$K$3="Q3 2027",Budget!F41/4*3,IF('(1) Expanding the Cohort'!$K$3="Q4 2027",Budget!F41/4*4)))) -> 0 | T12: =SUM(P12:S12) -> 0 | U12: =SUM(Q12:T12) -> 0
H13: =SUM(D13:G13) -> 0 | N13: =SUM(J13:M13) -> 0 | T13: =SUM(P13:S13) -> 0 | U13: =SUM(Q13:T13) -> 0
H14: =SUM(D14:G14) -> 0 | N14: =SUM(J14:M14) -> 0 | T14: =SUM(P14:S14) -> 0 | U14: =SUM(Q14:T14) -> 0
H15: =SUM(D15:G15) -> 0 | N15: =SUM(J15:M15) -> 0 | T15: =SUM(P15:S15) -> 0 | U15: =SUM(Q15:T15) -> 0
H16: =SUM(D16:G16) -> 0 | N16: =SUM(J16:M16) -> 0 | T16: =SUM(P16:S16) -> 0 | U16: =SUM(Q16:T16) -> 0
H17: =SUM(D17:G17) -> 0 | N17: =SUM(J17:M17) -> 0 | T17: =SUM(P17:S17) -> 0 | U17: =SUM(Q17:T17) -> 0
H18: =SUM(D18:G18) -> 0 | N18: =SUM(J18:M18) -> 0 | T18: =SUM(P18:S18) -> 0 | U18: =SUM(Q18:T18) -> 0
H19: =SUM(D19:G19) -> 0 | N19: =SUM(J19:M19) -> 0 | T19: =SUM(P19:S19) -> 0 | U19: =SUM(Q19:T19) -> 0
H20: =SUM(D20:G20) -> 0 | N20: =SUM(J20:M20) -> 0 | T20: =SUM(P20:S20) -> 0
H21: =SUM(D21:G21) -> 0 | N21: =SUM(J21:M21) -> 0 | T21: =SUM(P21:S21) -> 0
H22: =SUM(D22:G22) -> 0 | N22: =SUM(J22:M22) -> 0 | T22: =SUM(P22:S22) -> 0
H23: =SUM(D23:G23) -> 0 | N23: =SUM(J23:M23) -> 0 | T23: =SUM(P23:S23) -> 0
H24: =SUM(D24:G24) -> 0 | N24: =SUM(J24:M24) -> 0 | T24: =SUM(P24:S24) -> 0
H25: =SUM(D25:G25) -> 0 | N25: =SUM(J25:M25) -> 0 | T25: =SUM(P25:S25) -> 0
H26: =SUM(D26:G26) -> 0 | N26: =SUM(J26:M26) -> 0 | T26: =SUM(P26:S26) -> 0
H27: =SUM(D27:G27) -> 0 | N27: =SUM(J27:M27) -> 0 | T27: =SUM(P27:S27) -> 0 | U27: =SUM(Q27:T27) -> 0
H28: =SUM(D28:G28) -> 0 | N28: =SUM(J28:M28) -> 0 | T28: =SUM(P28:S28) -> 0 | U28: =SUM(Q28:T28) -> 0
B29: TOTAL | C29: =SUM(C8:C28) -> 0 | D29: =SUM(D8:D28) -> 0 | E29: =SUM(E8:E28) -> 0 | F29: =SUM(F8:F28) -> 0 | G29: =SUM(G8:G28) -> 0 | H29: =SUM(H8:H28) -> 0 | I29: =SUM(I8:I28) -> 0 | J29: =SUM(J8:J28) -> 0 | ... N29: =SUM(N8:N28) -> 0 | P29: =SUM(P8:P28) -> 0 | Q29: =SUM(Q8:Q28) -> 0 | R29: =SUM(R8:R28) -> 0 | S29: =SUM(S8:S28) -> 0 | T29: =SUM(T8:T28) -> 0 | U29: =SUM(U8:U28) -> 0

Sheet Matching Cash
B2: TFRI - MARATHON OF HOPE CANCER CENTRES NETWORK | F2: Quarter | G2: Date Range | H2: =IF($F$3="Q1 2027","Fill in column B, C and H",IF('(3) Research & Training'!$K$3="Q2 2027","Fill in column B, D and H",IF('(3) Research & Training'!$K$3="Q3 2027","Fill in column B, E and H",IF('(3) Research & Training'!$K$3="Q4 2027","Fill in column B, F and H")))) -> Fill in column B, C and H
F3: ='YTD SUMMARY'!B22 -> Q1 2027 | G3: ='YTD SUMMARY'!C22 -> Apr 1 - Jun 30 2026
B4: SOURCE OF MATCHING CASH
B6: SOURCES OF MATCHING FUNDS | C6: CASH MATCH SPENT Q1 | D6: CASH MATCH SPENT Q2 | E6: CASH MATCH SPENT Q3 | F6: CASH MATCH SPENT Q4 | G6: TOTAL CASH MATCH SPENT | H6: WORKSHEET # SUPPORTED (1, 2, 3 etc.)
B7: A) | C7: 0 | D7: 0 | E7: 0 | F7: 0 | G7: =SUM(C7:F7) -> 0
B8: B) | C8: 0 | D8: 0 | E8: 0 | F8: 0 | G8: =SUM(C8:F8) -> 0
B9: C) | C9: 0 | D9: 0 | E9: 0 | F9: 0 | G9: =SUM(C9:F9) -> 0
B10: D) | C10: 0 | D10: 0 | E10: 0 | F10: 0 | G10: =SUM(C10:F10) -> 0
B11: E) | C11: 0 | D11: 0 | E11: 0 | F11: 0 | G11: =SUM(C11:F11) -> 0
B12: F) | C12: 0 | D12: 0 | E12: 0 | F12: 0 | G12: =SUM(C12:F12) -> 0
B13: G) | C13: 0 | D13: 0 | E13: 0 | F13: 0 | G13: =SUM(C13:F13) -> 0
B14: H) | C14: 0 | D14: 0 | E14: 0 | F14: 0 | G14: =SUM(C14:F14) -> 0
B15: I) | C15: 0 | D15: 0 | E15: 0 | F15: 0 | G15: =SUM(C15:F15) -> 0
B16: J) | C16: 0 | D16: 0 | E16: 0 | F16: 0 | G16: =SUM(C16:F16) -> 0
B17: K) | C17: 0 | D17: 0 | E17: 0 | F17: 0 | G17: =SUM(C17:F17) -> 0
C18: 0 | D18: 0 | E18: 0 | F18: 0 | G18: =SUM(C18:F18) -> 0
C19: 0 | D19: 0 | E19: 0 | F19: 0 | G19: =SUM(C19:F19) -> 0
C20: 0 | D20: 0 | E20: 0 | F20: 0 | G20: =SUM(C20:F20) -> 0
C21: 0 | D21: 0 | E21: 0 | F21: 0 | G21: =SUM(C21:F21) -> 0
C22: 0 | D22: 0 | E22: 0 | F22: 0 | G22: =SUM(C22:F22) -> 0
C23: 0 | D23: 0 | E23: 0 | F23: 0 | G23: =SUM(C23:F23) -> 0
C24: 0 | D24: 0 | E24: 0 | F24: 0 | G24: =SUM(C24:F24) -> 0
C25: 0 | D25: 0 | E25: 0 | F25: 0 | G25: =SUM(C25:F25) -> 0
B26: Total Expenditures for this period | C26: =SUM(C7:C25) -> 0 | D26: =SUM(D7:D25) -> 0 | E26: =SUM(E7:E25) -> 0 | F26: =SUM(F7:F25) -> 0 | G26: =SUM(G7:G25) -> 0
B27: Total cash match listed above = sum of cash match reported on all previous tabs? | C27: =C26=('(1) Expanding the Cohort'!J38+'(2) Access & Equity'!J29+'(3) Research & Training'!J29) -> TRUE | D27: =D26=('(1) Expanding the Cohort'!K38+'(2) Access & Equity'!K29+'(3) Research & Training'!K29) -> TRUE | E27: =E26=('(1) Expanding the Cohort'!L38+'(2) Access & Equity'!L29+'(3) Research & Training'!L29) -> TRUE | F27: =F26=('(1) Expanding the Cohort'!M38+'(2) Access & Equity'!M29+'(3) Research & Training'!M29) -> TRUE

Sheet Drop Downs
A1: Q1 2027 | C1: Apr 1 - Jun 30 2026
A2: Q2 2027 | C2: Jul 1 - Sep 30 2026
A3: Q3 2027 | C3: Oct 1 - Dec 31 2026
A4: Q4 2027 | C4: Jan 1 - Mar 31 2027
C6: Expanding the Cohort
C7: Access & Equity
C8: Research & Training
C10: Health Canada & Institutional Match
C11: TFRI/TFF Match
